 Dungeon Crawl Stone Soup version 0.29-a0-369-gd956c00756 (webtiles) character file.

Game seed: 14096919292794358659

2557 sammy202020 the Fighter (level 9, -2/74 HPs)
             Began as a Demonspawn Berserker on May 2, 2022.
             Was an Elder of Trog.
             Killed by vampiric draining
             ... invoked by a vampire
              (9 damage)
             ... on level 6 of the Dungeon.
             The game lasted 00:10:28 (5676 turns).

sammy202020 the Fighter (Demonspawn Berserker)      Turns: 5676, Time: 00:10:29

Health: -2/74      AC: 13    Str: 20    XL:     9   Next: 31%
Magic:  9/9        EV: 10    Int: 10    God:    Trog [****..]
Gold:   478        SH:  0    Dex: 19    Spells: 8/8 levels left

rFire   . . .      SeeInvis .   a - +0 hand axe (freeze)
rCold   . . .      Faith    .   (no shield)
rNeg    . . .      Spirit   .   c - +1 chain mail
rPois   .          Reflect  .   (helmet restricted)
rElec   .          Harm     .   u - +0 cloak
rCorr   .          Rampage  .   (no gloves)
Will    .....                   x - +0 pair of boots
Stlth   ..........              (no amulet)
HPRegen 0.22/turn               e - +6 ring of dexterity
MPRegen 0.11/turn               (no ring)

@: confused
A: horns 1, powered by death 1, powered by pain 2, weakness stinger 1
a: Renounce Religion, Berserk, Trog's Hand, Brothers in Arms


You were on level 6 of the Dungeon.
You worshipped Trog.
Trog was greatly pleased with you.
You visited 1 branch of the dungeon, and saw 6 of its levels.
You also visited: Ossuary.

You collected 478 gold pieces.

Inventory:

Hand Weapons
 a - a +0 hand axe of freezing (weapon)
 q - a +0 mace
 s - a +0 flail
 y - a +0 shortbow
Missiles
 k - a throwing net (quivered)
 n - 2 boomerangs
Armour
 c - a +1 chain mail (worn)
 o - a +0 plate armour
 u - a +0 cloak (worn)
 x - a +0 pair of boots (worn)
Jewellery
 e - a +6 ring of dexterity (left hand)
Wands
 i - a wand of flame (21)
Scrolls
 b - 2 scrolls of magic mapping
 d - a scroll of fog
 j - a scroll of vulnerability
 t - a scroll of blinking {unknown}
 v - 4 scrolls of teleportation
Potions
 f - a potion of cancellation
 g - a potion of attraction {unknown}
 h - a potion of lignification {unknown}
 l - 5 potions of haste
 m - 3 potions of berserk rage
 p - 3 potions of curing {unknown}
 r - a potion of degeneration {unknown}
 w - a potion of heal wounds {unknown}
 z - 3 potions of flight
 A - 3 potions of might


   Skills:
 * Level 8.0 Fighting
 * Level 7.2 Axes
 + Level 4.9 Armour
 + Level 5.0 Dodging


You had 8 spell levels left.
You didn't know any spells.
Your spell library was empty.

Dungeon Overview and Level Annotations

Branches:
Dungeon (6/15)            Ossuary (visited)
 Temple: D:4-7

Altars:
Kikubaaqudgha
Sif Muna
Vehumet
The Shining One


Innate Abilities, Weirdness & Mutations

You have a pair of small horns on your head.
You regenerate a little health from kills.
You sometimes gain power by taking damage.
You have a small tail.


Message History

The vampire is heavily damaged.
The vampire closely misses you.
The vampire bites you but does no damage.
You barely miss the vampire. You headbutt the vampire.
The vampire is severely damaged.
The vampire draws life force from you!
The vampire is healed by the life force!
You slash the vampire! You freeze the vampire. You headbutt the vampire.
The vampire is severely damaged.
The vampire completely misses you.
The vampire bites you but does no damage.
You hit the vampire.
The vampire is almost destroyed.
The vampire points at you and mumbles some strange words.
You resist with some effort.
You hit the vampire but do no damage.
You headbutt the vampire, but do no damage.
Your tail-slap misses the vampire.
The vampire is almost destroyed.
The vampire draws life force from you!
The vampire is healed by the life force!
You hit the vampire. You freeze the vampire.
The vampire is almost destroyed.
The vampire gestures at you while chanting.
You are confused.
You hit the vampire but do no damage.
The vampire is almost destroyed.
The vampire closely misses you.
The vampire bites you but does no damage.
The vampire draws life force from you!!
* * * LOW HITPOINT WARNING * * *
The vampire is healed by the life force!
You see here a +0 club.
The vampire hits you!
* * * LOW HITPOINT WARNING * * *
The vampire misses you.
Okay, then.
Okay, then.
The vampire draws life force from you!
You die...

####........#.####'####
####.##.#...######.#
................>..#
.###.##(##.#####.###
.###.##.##.# #.#
......#.##.#####.#
.######.##.......# .##
#.......#..####.# ..#
#######'#.@.....# ..#
#...))V.##### ..+
#!......# ..#
#......... ..#
#....#..... +##
#..:.#......#
#....#......# .
##....#.....# #.
.#......


You could see a vampire.

Vanquished Creatures
  A cyclops (D:6)
  A shadow (D:5)
  3 yaks (D:5)
  3 ice beasts
  A sky beast (D:4)
  2 ogres
  2 centaurs
  2 phantoms (D:6)
  2 scorpions
  2 howler monkeys (D:5)
  A centaur zombie (Ossuary)
  3 human zombies (Ossuary)
  An orc priest (D:4)
  A hound (D:5)
  2 orc wizards
  2 iguanas (D:5)
  A statue (D:3)
  A hound zombie (Ossuary)
  3 mummies (Ossuary)
  9 adders
  2 white imps
  An ufetubus (D:5)
  3 adder zombies
  2 worms
  7 orcs
  8 bats
  A bat skeleton (D:2)
  9 endoplasms
  4 giant cockroaches
  2 gnoll zombies (Ossuary)
  7 goblins
  7 hobgoblins
  7 jackals (D:1)
  3 kobolds
  5 quokkas
  6 ball pythons
  A ball python skeleton (D:2)
  3 frilled lizards
  3 goblin zombies (Ossuary)
  4 hobgoblin zombies (Ossuary)
  2 jackal zombies (Ossuary)
  3 kobold zombies (Ossuary)
  An orc zombie (Ossuary)
  6 quokka zombies (Ossuary)
  5 rats
  5 rat zombies (Ossuary)
150 creatures vanquished.

Vanquished Creatures (others)
  3 plants (D:2)
3 creatures vanquished.

Grand Total: 153 creatures vanquished

Notes
Turn   | Place    | Note
-------+----------+-------------------------------------------
     0 | D:1      | sammy202020 the Demonspawn Berserker began the quest for
                  | the Orb.
     0 | D:1      | Reached XP level 1. HP: 18/18 MP: 1/1
   377 | D:1      | Discovered your monstrous ancestry.
   377 | D:1      | Gained mutation: You have a small tail. [demonic ancestry]
   377 | D:1      | Reached XP level 2. HP: 15/24 MP: 2/2
   910 | D:1      | Gained mutation: You have a pair of small horns on your
                  | head. [demonic ancestry]
   910 | D:1      | Reached XP level 3. HP: 20/29 MP: 3/3
  1277 | D:2      | Reached ** piety under Trog
  1476 | D:2      | Noticed an ogre
  1485 | D:2      | Killed an ogre
  1486 | D:2      | Reached skill level 4 in Fighting
  1486 | D:2      | Gained mutation: You regenerate a little health from kills.
                  | [demonic ancestry]
  1486 | D:2      | Reached XP level 4. HP: 28/37 MP: 4/4
  1642 | D:2      | Reached XP level 5. HP: 42/42 MP: 5/5
  1815 | D:2      | Found a faded altar of an unknown god.
  2153 | D:3      | Found a shimmering blue altar of Sif Muna.
  2739 | D:3      | Found a radiant altar of Vehumet.
  2739 | D:3      | Noticed a frost-covered statue
  2753 | D:3      | Killed a frost-covered statue
  3142 | D:4      | Noticed a sky beast
  3152 | D:4      | Killed a sky beast
  3153 | D:4      | Reached XP level 6. HP: 49/49 MP: 6/6
  3154 | D:4      | Found a sand-covered staircase.
  3166 | Ossuary  | Entered an ossuary
  3385 | Ossuary  | Reached *** piety under Trog
  3414 | Ossuary  | Reached skill level 5 in Fighting
  3525 | Ossuary  | Gained mutation: You sometimes gain a little power by
                  | taking damage. [demonic ancestry]
  3525 | Ossuary  | Reached XP level 7. HP: 45/56 MP: 7/7
  4111 | D:5      | Entered Level 5 of the Dungeon
  4111 | D:5      | Noticed a shadow
  4119 | D:5      | HP: 1/56 [shadow (6)]
  4127 | D:5      | Reached skill level 5 in Axes
  4129 | D:5      | Killed a shadow
  4130 | D:5      | Reached skill level 6 in Fighting
  4281 | D:5      | Found an ancient bone altar of Kikubaaqudgha.
  4373 | D:5      | Noticed a yak
  4373 | D:5      | Noticed a yak
  4374 | D:5      | Noticed a yak
  4387 | D:5      | Killed a yak
  4388 | D:5      | Reached XP level 8. HP: 37/64 MP: 8/8
  4824 | D:5      | Reached skill level 7 in Fighting
  5299 | D:6      | Reached **** piety under Trog
  5408 | D:6      | Gained mutation: You sometimes gain power by taking damage.
                  | [demonic ancestry]
  5408 | D:6      | Reached XP level 9. HP: 57/72 MP: 9/9
  5488 | D:6      | Noticed a cyclops
  5501 | D:6      | Killed a cyclops
  5647 | D:6      | Reached skill level 5 in Dodging
  5660 | D:6      | Reached skill level 8 in Fighting
  5676 | D:6      | Killed from afar by a vampire

Illustrated notes

Levels and vault maps discovered:
D:1:      dpeg_arrival_tiny_i, layout_loops_ring
D:2:      layout_basic, serial_undead, serial_undead_e, serial_undead_d,
          serial_undead_a, serial_undead_b, shapermc_ecumenical_altar_rom_forum
D:3:      layout_loops_ring, vehumet_statue, mainiacjoe_overflow_six_doors_small
D:4:      layout_cave_pools, tso_metal_star, nicolae_ossuary_entry_monument,
          kennysheep_minor_cross
D:5:      layout_loops_ring, mainiacjoe_overflow_chevrons
D:6:      layout_basic, grunt_temple_overflow_diamond, grunt_gozag_statues,
          nzn_hepliaklqana_mist_gate, minmay_temple_entry_grid

Skill      XL: |  1  2  3  4  5  6  7  8  9 |
---------------+----------------------------+-----
Axes           | 3 4 5 6 7 |  7.2
Dodging        | 2 3 4 5 |  5.0
Armour         | 2 3 4 |  4.9
Fighting       | 4 5 6 7 8 |  8.0

Action                   |  1- 3 |  4- 6 |  7- 9 || total
-------------------------+-------+-------+-------++-------
Melee: Hand axe          |    96 |   193 |   191 ||   480
       Tailslap          |     6 |    39 |    30 ||    75
       Headbutt          |     8 |    52 |    50 ||   110
       Punch             |       |     2 |     4 ||     6
Invok: Berserk           |     1 |     2 |     3 ||     6
       Trog's Hand       |       |     1 |     2 ||     3
  Use: Scroll            |       |       |    15 ||    15
Armor: Chain mail        |    70 |   102 |   126 ||   298
Dodge: Dodged            |    55 |    70 |    87 ||   212

Table legend: (Time is in decaauts)
 A = Elapsed time spent in this place.
 B = Non-inter-level travel time spent in this place.
 C = Inter-level travel time spent in this place.
 D = Time resting spent in this place.
 E = Time spent auto-exploring this place.
 F = Levels seen in this place.
 G = Mean time per level.
                   A        B        C        D        E       F      G
               +--------+--------+--------+--------+--------+-----+--------+
         Total |   5765 |   5704 |     61 |     19 |   4535 |   7 |  823.6 |
       Dungeon |   5229 |   5168 |     61 |     19 |   4196 |   6 |  871.5 |
       Ossuary |    535 |    535 |      0 |      0 |    339 |   1 |  535.0 |
               +--------+--------+--------+--------+--------+-----+--------+

Top non-repeatable levels by time:
     D:1: 1190 daAuts
     D:5: 1141 daAuts
     D:3: 947 daAuts
     D:2: 848 daAuts
     D:4: 655 daAuts
 Ossuary: 535 daAuts
     D:6: 446 daAuts
